 Dungeon Crawl Stone Soup version 0.27.0-1-g7a089689b8 (webtiles) character file.

Game seed: 7205214848102481825

173 Anon1729 the Skirmisher (level 5, -4/47 HPs)
             Began as a Minotaur Monk on Aug 15, 2021.
             Was a Priest of Dithmenos.
             Slain by Sigmund (10 damage)
             ... on level 3 of the Dungeon.
             The game lasted 00:01:37 (2084 turns).

Anon1729 the Skirmisher (Minotaur Monk)             Turns: 2084, Time: 00:01:37

Health: -4/47      AC:  2    Str: 17    XL:     5   Next: 28%
Magic:  4/4        EV: 13    Int:  7    God:    Dithmenos [***...]
Gold:   88         SH:  0    Dex: 12    Spells: 4/4 levels left

rFire    . . .     SeeInvis .   a - +0 falchion
rCold    . . .     Faith    .   (no shield)
rNeg     . . .     Spirit   .   b - +0 robe
rPois    .         Reflect  .   (helmet restricted)
rElec    .         Harm     .   (no cloak)
rCorr    .         Rampage  .   (no gloves)
Will     .....                  (no boots)
Stlth    +.........             (no amulet)
HPRegen  0.15/turn              (no ring)
MPRegen  0.09/turn              (no ring)

@: confused, wreathed by umbra
A: horns 2, retaliatory headbutt
a: Renounce Religion, Shadow Step


You were on level 3 of the Dungeon.
You worshipped Dithmenos.
Dithmenos was most pleased with you.
You visited 1 branch of the dungeon, and saw 3 of its levels.

You collected 88 gold pieces.

Inventory:

Hand Weapons
 a - a +0 falchion (weapon)
 l - a +1 antimagic short sword
Missiles
 m - 2 poisoned darts (quivered)
Armour
 b - a +0 robe (worn)
Jewellery
 j - a ring of see invisible
 k - a ring of magical power
 o - a ring of wizardry
Scrolls
 d - a scroll of holy word {unknown}
 h - a scroll of identify {unknown}
 n - a scroll of teleportation {unknown}
Potions
 c - 2 potions of curing
 e - a potion of heal wounds {unknown}
 f - a potion of attraction {unknown}
 g - a potion of invisibility {unknown}
 i - a potion of mutation {unknown}


   Skills:
 + Level 4.8 Fighting
 + Level 4.7 Long Blades
 + Level 4.3 Dodging
 + Level 2.7 Stealth


You had 4 spell levels left.
You didn't know any spells.
Your spell library contained the following spells:

 Spells                   Type           Power      Damage    Failure   Level
 Sublimation of Blood     Necr           0%         N/A       56%         2
 Petrify                  Tmut/Erth      0%         N/A       99%         4
 Irradiate                Conj/Tmut      0%         3d13      100%        5


Dungeon Overview and Level Annotations

Branches:
Dungeon (3/15)

Altars:
Dithmenos
Yredelemnul

Annotations:
D:3 Sigmund


Innate Abilities, Weirdness & Mutations

You have a pair of horns on your head.
You reflexively headbutt those who attack you in melee.


Message History

There are monsters nearby!
There are monsters nearby!
Non-targeted confused throw: 5 darts (poison)
Press: ? - help, Q - select action, (/) - cycle Dir - look around, f - activate Look: Sigmund, wielding a +0 scythe and wearing a +0 robe (moderately wounded, fast, umbra, 36% to hit)
You throw a poisoned dart. The poisoned dart misses Sigmund.
Sigmund misses you. The dart slug misses you. Sigmund closely misses you.
Non-targeted confused throw: 4 darts (poison)
Press: ? - help, Q - select action, (/) - cycle Dir - look around, f - activate You throw a poisoned dart.
Sigmund casts a spell at you. You resist with some effort.
The dart slug closely misses you.
Non-targeted confused throw: 3 darts (poison)
Press: ? - help, Q - select action, (/) - cycle Dir - look around, f - activate You throw a poisoned dart.
The poisoned dart closely misses Sigmund.
Sigmund misses you. Sigmund hits you with a +0 scythe!
Unknown command.
You hit Sigmund.
Sigmund is heavily wounded.
Sigmund closely misses you. The dart slug closely misses you.
You slash Sigmund!
Sigmund is severely wounded.
Sigmund says, "I'm your fate." Sigmund completely misses you.
Sigmund casts a spell at you.
You are more confused.
The dart slug closely misses you.
Unknown command.
Sigmund mumbles some strange words.
Sigmund flickers and vanishes!
Deactivating autopickup; reactivate with Ctrl-A.
Something hits you! The dart slug barely misses you.
You bump into the rock wall.
Something hits you!
* * * LOW HITPOINT WARNING * * *
Something barely misses you. Something hits you.
* * * LOW HITPOINT WARNING * * *
Unknown command.
You're too confused to move!
Something hits you!
You die...

#.......################
###.#...............)....
#....>...................
#.#.....#################
#.#####.# #.# #.# #.# #.#
##.#####.#########
#......#.@w..(....
#..........{....$(
#......#..........
#....[.#..........
#......#..$.......
#......#..........
#......#..........
#......#..(.......
#......###########


You could see a dart slug.

Vanquished Creatures
  A scorpion (D:3)
  Natasha (thrice) (D:2)
  An adder (D:2)
  A dart slug (D:1)
  2 orcs (D:3)
  2 endoplasms
  A giant cockroach (D:1)
  2 goblins (D:1)
  4 hobgoblins
  3 kobolds
  2 ball pythons
  4 bats
  4 frilled lizards
  2 rats
32 creatures vanquished.

Notes
Turn   | Place    | Note
-------+----------+-------------------------------------------
     0 | D:1      | Anon1729 the Minotaur Monk began the quest for the Orb.
     0 | D:1      | Reached XP level 1. HP: 19/19 MP: 0/0
   406 | D:1      | Reached XP level 2. HP: 27/27 MP: 1/1
   539 | D:1      | Found a faded altar of an unknown god.
   556 | D:1      | Became a worshipper of Dithmenos the Shadowed
   556 | D:1      | Reached * piety under Dithmenos
   556 | D:1      | Reached ** piety under Dithmenos
   895 | D:2      | Noticed Natasha
   902 | D:2      | Killed Natasha
   903 | D:2      | Reached XP level 3. HP: 33/33 MP: 2/2
   962 | D:2      | Noticed Natasha
   966 | D:2      | Killed Natasha
   966 | D:2      | Reached *** piety under Dithmenos
   967 | D:2      | Reached XP level 4. HP: 39/41 MP: 3/3
  1333 | D:2      | Found a basalt altar of Yredelemnul.
  1617 | D:2      | Noticed Natasha
  1630 | D:2      | Killed Natasha
  1714 | D:3      | Noticed a scorpion
  1719 | D:3      | Killed a scorpion
  1720 | D:3      | Reached XP level 5. HP: 43/47 MP: 4/4
  2068 | D:3      | Noticed Sigmund
  2084 | D:3      | Slain by Sigmund

Illustrated notes

Levels and vault maps discovered:
D:1:      tarquinn_simple_flora_water_e, layout_basic,
          chequers_ecumenical_altar_simple, st_stairs_14,
          minmay_misc_feat_plants
D:2:      layout_basic, basic_altar, uniq_natasha
D:3:      layout_basic, uniq_sigmund, uniq_jessica

Skill      XL: |  1  2  3  4 |
---------------+-------------+-----
Fighting       | 4 |  4.8
Long Blades    | 4 |  4.7
Stealth        | 2 |  2.7
Dodging        | 4 |  4.3

Action                   |  1- 3 |  4- 6 || total
-------------------------+-------+-------++-------
Melee: Falchion          |    30 |    30 ||    60
       Headbutt          |     9 |     5 ||    14
Throw: Dart              |       |     6 ||     6
 Stab: Sleeping          |       |     5 ||     5
Armor: Robe              |     3 |     2 ||     5
Dodge: Dodged            |    20 |    23 ||    43
       Rpst.: Falchion   |     6 |     5 ||    11
